 BcadrenCrawl: Boulder Brew version 0.03.3.1-31-gd4c2611de9 (webtiles) character file.

Game seed: 1006019240172397270, levelgen mode: deterministic

7 Chiseanne the Ducker (level 2, 17/19 HPs) Goblin Demonspawn. Began on Mar 19, 2021. Quit the game on level 1 of the Dungeon. The game lasted 00:00:31 (224 turns).

Chiseanne the Ducker (Goblin Demonspawn)             Turns: 224, Time: 00:00:32

Health: 17/19      AC:  3    Str:  8    XL:     2 ^: 19
Magic:  3/3        EV: 13    Int:  6    God:
Gold:   50         SH:  2    Dex:  6    Spells: 2/3 levels left

rFire    . . .     Vision   .   a - +0 rapier
rCold    . . .     Gourm    .   c - +0 nunchaku
rNeg     . . .     Faith    .   b - +0 leather armour
rPois    .         Spirit   .   (no helmet)
rElec    .         Reflect  .   (no cloak)
rCorr    .         Harm     .   (no gloves)
MR       .....                  (no boots)
Stlth    +.........             (no amulet)
HPRegen  0.16/turn              (no ring)
MPRegen  0.13/turn              (no ring)

@: no status effects
A: small, stagnant stats, goblin's greed, claws 1, low mp 1, mutation resistance
1, god's pity 2
a: no special abilities


You were on level 1 of the Dungeon.
You were not hungry.

You visited 1 branch of the dungeon, and saw 1 of its levels.

You collected 42 gold pieces.

Inventory:

Weapons
 a - a +0 rapier (weapon) Shields
 c - a +0 nunchaku (weapon)
Armour
 b - a +0 leather armour (worn)
Comestibles
 d - a ration


   Skills:
 * Level 1.9 Fighting
 - Level 2.6 Short Blades
 + Level 0.5 Armour
 * Level 4.2 Dodging
 - Level 2.6 Stealth
 - Level 1.3 Spellcasting
 - Level 2.6 Fire Magic
   Level 4.0 Invocations


You had 2 spell levels left.
You knew the following spells:

 Your Spells              Type           Power        Failure   Level  Hunger
a - Flame Tongue          Fire           3 (30)       41%         1    ##.....

Your spell library contained the following spells:

 Spells                   Type           Power        Failure   Level  Hunger
 Blink                    Tloc           N/A          90%         2    ###....
 Call Imp                 Summ           0 (100)      90%         2    ###....
 Slow                     Hex            0 (100)      90%         2    ###....
 Conjure Flame            Fire           3 (100)      80%         3    ####...
 Mephitic Cloud           Pois/Air       0 (100)      99%         3    ####...


Dungeon Overview and Level Annotations

Branches:
Dungeon (1/8)

Altars:


Innate Abilities, Weirdness & Mutations

Your stats never grow through leveling.
Your goblin ancestry allows you to find more gold. (+20%)
You are small and have problems with some larger weapons.
You have sharp fingernails. (+2 Unarmed)
Your magical capacity is low. (-10% MP)
You are somewhat resistant to further mutation.
The pity of the gods increases the power of your passive and invoked divine abilities.


Message History

Found 14 gold pieces.
You see here a +0 nunchaku.
c - a +0 nunchaku Wield which item (- for none, * to show all)? (? for menu, Esc to quit)
c - a +0 nunchaku (weapon)
You start waiting.
A dart slug comes into view.
Found a scroll of teleportation.
A hobgoblin comes into view.
You hit the dart slug (6). You sock the dart slug (9)!
You kill the dart slug!
The hobgoblin shouts!
You see here a dart slug corpse.
The hobgoblin hits you with a +0 club (2).
You hit the hobgoblin (4). You hit the hobgoblin (2).
You kill the hobgoblin!
You have reached level 2!
Your demonic ancestry asserts itself...
Your fingernails lengthen.
Are you sure you want to abandon this character and quit the game? (Confirm with "yes".)

#.# #).# ####.#
#..##### #....#
#....$.# #.####
##.###.# #.# #.# #.####
#.# #....## ##.##
#.###.######.†.## #.#
#†##.....@..#
##.###.##.#...)....#
###.....###..?........#
....##.##
##.##.........
###.##..# #..
#####...## # #+###+# #+
..## # ..# ### #######
.# +.# #.....#


There were no monsters in sight!

Vanquished Creatures
  A dart slug (D:1)
  2 hobgoblins (D:1)
  A kobold (D:1)
  A rat (D:1)
5 creatures vanquished.

Notes
Turn   | Place    | Note
-------+----------+-------------------------------------------
     0 | D:1      | Chiseanne the Goblin Demonspawn began the quest for the
                  | Orb.
     0 | D:1      | Reached XP level 1. HP: 13/13 MP: 2/2
   223 | D:1      | Gained mutation: You have sharp fingernails. (+2 Unarmed)
                  | [demonic ancestry]
   223 | D:1      | Reached XP level 2. HP: 16/19 MP: 3/3
   224 | D:1      | Quit the game

Levels and vault maps discovered:
D:1:      shiori_arrival_maze, layout_loops_ring

Action                   || total
-------------------------++-------
Melee: Rapier            ||    13
       Unarmed           ||     8
       Nunchaku          ||     2
Armor: Leather armour    ||     1
Dodge: Dodged            ||     4
